NCAA
ARIZONA WILDCATS @ VILLANOVA WILDCATS
05/08/2026
 
TOP OF THE 1ST
Arizona Wildcats batting - Pitching for Villanova Wildcats : RHP Luis Castillo
Pitching: RHP Luis Castillo
Batting: LHB Larry Smith 0-0: Called Strike
0-1: Called Strike
0-2: Ball
1-2: Foul Ball, location: 2F
1-2: SINGLE (Flyball, 8LS) - OUT at second base trying to stretch hit.
Batting: RHB Jesús Ortíz 0-0: Called Strike
0-1: Ball
1-1: Ball
2-1: Ball
3-1: Fly out, F6 (Popup, 6MS)
Batting: RHB Gordon Owens 0-0: Called Strike
0-1: Called Strike
0-2: Strikes out swinging
Top of the 1st over - 0 run(s), 1 hit(s), 0 error(s), 0 left on base; Arizona 0 - Villanova 0
BOTTOM OF THE 1ST
Villanova Wildcats batting - Pitching for Arizona Wildcats : RHP Gregg Minor
Pitching: RHP Gregg Minor
Batting: RHB Dan McKay 0-0: Called Strike
0-1: Ball
1-1: SINGLE (Line Drive, 8RS)
Batting: RHB Robbie Anderson 0-0: Ball
1-0: Foul Ball, location: 2F
1-1: Ball
2-1: Ball
3-1: Base on Balls
Dan McKay to second
Batting: RHB Ron Elazar 0-0: DOUBLE (Line Drive, 7LS)
Dan McKay scores
Robbie Anderson to third
Batting: RHB Jorge Barrios 0-0: Foul Ball, location: 2F
0-1: Ball
1-1: Hit by Pitch
Batting: RHB Mark Hess 0-0: Swinging Strike
0-1: Ball
1-1: Ball
2-1: Ball
3-1: Fly out, F3 (Popup, 3F)
Batting: RHB Ricardo López 0-0: Ball
1-0: Called Strike
1-1: Ball
2-1: Ball
3-1: Foul Ball, location: 2F
3-2: Foul Ball, location: 2F
3-2: SINGLE (Line Drive, 89S)
Robbie Anderson scores
Ron Elazar to third
Jorge Barrios to second
Runner from 3rd tries for Home, SAFE, no throw or cutoff
Batting: RHB Heath Hall 0-0: Called Strike
0-1: Ball
1-1: Swinging Strike
1-2: Ball
2-2: Foul Ball, location: 2F
2-2: 3-RUN HOME RUN (Line Drive, 7LD), Distance : 337 ft
Batting: RHB Juan Romero 0-0: Ball
1-0: Called Strike
1-1: Ball
2-1: Ball
3-1: Foul Ball, location: 2F
3-2: Foul Ball, location: 2F
3-2: Strikes out swinging
Batting: RHB Jason Smith 0-0: Called Strike
0-1: Ball
1-1: Swinging Strike
1-2: Ball
2-2: Ground out 6-3 (Groundball, 6M)
Bottom of the 1st over - 6 run(s), 4 hit(s), 0 error(s), 0 left on base; Arizona 0 - Villanova 6
TOP OF THE 2ND
Arizona Wildcats batting - Pitching for Villanova Wildcats : RHP Luis Castillo
Batting: LHB Larry Battle 0-0: Fly out, F7 (Flyball, 7M)
Batting: RHB Jake Lawrence 0-0: Called Strike
0-1: Called Strike
0-2: Strikes out swinging
Batting: RHB Juan Navarro 0-0: Ball
1-0: Fly out, F8 (Flyball, 8LM)
Top of the 2nd over - 0 run(s), 0 hit(s), 0 error(s), 0 left on base; Arizona 0 - Villanova 6
BOTTOM OF THE 2ND
Villanova Wildcats batting - Pitching for Arizona Wildcats : RHP Gregg Minor
Batting: RHB Dan McKay 0-0: Ball
1-0: SINGLE (Flyball, 9S)
Batting: RHB Robbie Anderson 0-0: Ball
1-0: Called Strike
1-1: Swinging Strike
1-2: Strikes out swinging
Batting: RHB Ron Elazar 0-0: Ball
Dan McKay is caught stealing 2nd base
1-0: Ball
2-0: Ball
3-0: Called Strike
3-1: Foul Ball, location: 2F
3-2: Foul Ball, location: 2F
3-2: Foul Ball, location: 2F
3-2: Foul Ball, location: 2F
3-2: Foul Ball, location: 2F
3-2: Base on Balls
Batting: RHB Jorge Barrios 0-0: Ball
Pickoff Throw to First - Out!
Bottom of the 2nd over - 0 run(s), 1 hit(s), 0 error(s), 0 left on base; Arizona 0 - Villanova 6
TOP OF THE 3RD
Arizona Wildcats batting - Pitching for Villanova Wildcats : RHP Luis Castillo
Batting: RHB Jorge Colorada 0-0: Ball
1-0: Swinging Strike
1-1: Foul Ball, location: 2F
1-2: Foul Ball, location: 2F
1-2: Fly out, F7 (Flyball, 78M)
Batting: RHB Maurice Long 0-0: Ball
1-0: Called Strike
1-1: Fly out, F7 (Flyball, 78M)
Batting: RHB David Barker 0-0: Foul Ball, location: 2F
0-1: Foul Ball, location: 2F
0-2: Ball
1-2: Foul Ball, location: 2F
1-2: Ball
2-2: Foul Ball, location: 2F
2-2: Strikes out looking
Top of the 3rd over - 0 run(s), 0 hit(s), 0 error(s), 0 left on base; Arizona 0 - Villanova 6
BOTTOM OF THE 3RD
Villanova Wildcats batting - Pitching for Arizona Wildcats : RHP Gregg Minor
Batting: RHB Jorge Barrios 0-0: Foul Ball, location: 2F
0-1: Foul Ball, location: 2F
0-2: SOLO HOME RUN (Line Drive, 9D), Distance : 372 ft
Batting: RHB Mark Hess 0-0: Called Strike
0-1: Called Strike
0-2: Strikes out looking
Batting: RHB Ricardo López 0-0: Ball
1-0: Ball
2-0: Foul Ball, location: 2F
2-1: Called Strike
2-2: Foul Ball, location: 2F
2-2: Ball
3-2: Base on Balls
Batting: RHB Heath Hall 0-0: Called Strike
0-1: Ball
1-1: Foul Ball, location: 2F
1-2: Strikes out swinging
Batting: RHB Juan Romero 0-0: Fielders Choice at 2nd, U6 (Groundball, 6M)
Bottom of the 3rd over - 1 run(s), 1 hit(s), 0 error(s), 1 left on base; Arizona 0 - Villanova 7
TOP OF THE 4TH
Arizona Wildcats batting - Pitching for Villanova Wildcats : RHP Luis Castillo
Batting: LHB Larry Smith 0-0: Ball
1-0: Called Strike
1-1: Called Strike
1-2: Strikes out swinging
Batting: RHB Jesús Ortíz 0-0: Called Strike
0-1: Ball
1-1: Fly out, F4 (Popup, 6MD)
Batting: RHB Gordon Owens 0-0: Ground out 6-3 (Groundball, 56)
Top of the 4th over - 0 run(s), 0 hit(s), 0 error(s), 0 left on base; Arizona 0 - Villanova 7
BOTTOM OF THE 4TH
Villanova Wildcats batting - Pitching for Arizona Wildcats : RHP Gregg Minor
Pitching: RHP Tynan Foster
Batting: RHB Jason Smith 0-0: SINGLE (Line Drive, 78S)
Batting: RHB Dan McKay 0-0: Ball
1-0: Called Strike
1-1: Foul Ball, location: 2F
1-2: Strikes out looking
Batting: RHB Robbie Anderson 0-0: Ball
1-0: DOUBLE (Line Drive, 8LM)
Jason Smith to third
Runner from 3rd tries for Home, SAFE, no throw or cutoff
Batting: RHB Ron Elazar 0-0: Foul Ball, location: 2F
0-1: 2-RUN HOME RUN (Line Drive, 78XD), Distance : 383 ft
Batting: RHB Jorge Barrios 0-0: Swinging Strike
0-1: Ground out 4-3 (Groundball, 4)
Batting: RHB Mark Hess 0-0: Ball
1-0: SINGLE (Line Drive, 6D)
Batting: RHB Ricardo López 0-0: Ball
1-0: Ball
2-0: Called Strike
2-1: Ball
Single, Error in OF, E8, batter to second base
Mark Hess to third
Batting: RHB Heath Hall 0-0: Ball
1-0: Ball
2-0: Ball
3-0: Base on Balls
Batting: RHB Juan Romero 0-0: Ball
1-0: Swinging Strike
1-1: Ball
2-1: Fly out, F9 (Flyball, 89M)
Bottom of the 4th over - 3 run(s), 5 hit(s), 1 error(s), 3 left on base; Arizona 0 - Villanova 10
TOP OF THE 5TH
Arizona Wildcats batting - Pitching for Villanova Wildcats : RHP Luis Castillo
Batting: LHB Larry Battle 0-0: Ball
1-0: Called Strike
1-1: Ball
2-1: Ground out 6-3 (Groundball, 6)
Batting: RHB Jake Lawrence 0-0: Ball
1-0: Called Strike
1-1: Swinging Strike
1-2: Foul Ball, location: 2F
1-2: Strikes out swinging
Batting: RHB Juan Navarro 0-0: Ball
1-0: Called Strike
1-1: Swinging Strike
1-2: Strikes out looking
Top of the 5th over - 0 run(s), 0 hit(s), 0 error(s), 0 left on base; Arizona 0 - Villanova 10
BOTTOM OF THE 5TH
Villanova Wildcats batting - Pitching for Arizona Wildcats : RHP Tynan Foster
Batting: RHB Jason Smith 0-0: Ball
1-0: SINGLE (Groundball, 6MD)
Batting: RHB Dan McKay 0-0: Called Strike
0-1: Ball
1-1: Swinging Strike
1-2: Foul Ball, location: 2F
1-2: Foul Ball, location: 2F
1-2: Ball
2-2: Strikes out swinging
Batting: RHB Robbie Anderson 0-0: Ball
1-0: Foul Ball, location: 2F
1-1: Ball
2-1: Foul Ball, location: 2F
2-2: Strikes out swinging
Batting: RHB Ron Elazar 0-0: Called Strike
Jason Smith steals 2nd base
0-1: Ball
1-1: Ball
2-1: Ball
3-1: Base on Balls
Batting: RHB Jorge Barrios 0-0: Called Strike
0-1: Foul Ball, location: 2F
0-2: Ball
1-2: Ground out 1-3 (Groundball, 13S)
Bottom of the 5th over - 0 run(s), 1 hit(s), 0 error(s), 2 left on base; Arizona 0 - Villanova 10
TOP OF THE 6TH
Arizona Wildcats batting - Pitching for Villanova Wildcats : RHP Luis Castillo
Batting: RHB Jorge Colorada 0-0: Called Strike
0-1: Ball
1-1: Foul Ball, location: 2F
1-2: Ground out 5-3 (Groundball, 5)
Batting: RHB Maurice Long 0-0: Called Strike
0-1: Ball
1-1: Called Strike
1-2: Ball
2-2: Strikes out swinging
Batting: RHB David Barker 0-0: Called Strike
0-1: Called Strike
0-2: Ball
1-2: Strikes out looking
Top of the 6th over - 0 run(s), 0 hit(s), 0 error(s), 0 left on base; Arizona 0 - Villanova 10
BOTTOM OF THE 6TH
Villanova Wildcats batting - Pitching for Arizona Wildcats : RHP Tynan Foster
Pitching: RHP Ramón Cruz
Batting: RHB Mark Hess 0-0: Ball
1-0: Foul Ball, location: 2F
1-1: Fly out, F9 (Flyball, 9LMF)
Batting: RHB Ricardo López 0-0: Ball
1-0: SINGLE (Line Drive, 6MD)
Batting: RHB Heath Hall 0-0: Called Strike
0-1: Fly out, F4 (Popup, 4MD)
Batting: RHB Juan Romero 0-0: Fly out, F8 (Flyball, 8LM)
Bottom of the 6th over - 0 run(s), 1 hit(s), 0 error(s), 1 left on base; Arizona 0 - Villanova 10
TOP OF THE 7TH
Arizona Wildcats batting - Pitching for Villanova Wildcats : RHP Luis Castillo
Batting: LHB Larry Smith 0-0: Called Strike
0-1: Swinging Strike
0-2: Ball
1-2: Ball
2-2: Ball
3-2: Strikes out swinging
Pinch Hitting: RHB Alfredo Saucedo 0-0: Ball
1-0: Foul Ball, location: 2F
1-1: Called Strike
1-2: Strikes out swinging
Batting: RHB Gordon Owens 0-0: Fly out, F9 (Popup, 4D)
Top of the 7th over - 0 run(s), 0 hit(s), 0 error(s), 0 left on base; Arizona 0 - Villanova 10
BOTTOM OF THE 7TH
Villanova Wildcats batting - Pitching for Arizona Wildcats : RHP Ramón Cruz
Now in LF: Arnold Flint
Batting: RHB Jason Smith 0-0: Ball
1-0: Swinging Strike
1-1: Called Strike
1-2: Fly out, F3 (Popup, 3F)
Batting: RHB Dan McKay 0-0: Foul Ball, location: 2F
0-1: Foul Ball, location: 2F
0-2: Foul Ball, location: 2F
0-2: Ground out 3-1 (Groundball, 34)
Batting: RHB Robbie Anderson 0-0: Ground out 1-3 (Groundball, 23)
Bottom of the 7th over - 0 run(s), 0 hit(s), 0 error(s), 0 left on base; Arizona 0 - Villanova 10
TOP OF THE 8TH
Arizona Wildcats batting - Pitching for Villanova Wildcats : RHP Luis Castillo
Now at C: Tom Hooper
Batting: LHB Larry Battle 0-0: Foul Ball, location: 2F
0-1: Ball
1-1: Called Strike
1-2: Ball
2-2: Ball
3-2: Base on Balls
Pitching: RHP Mathieu Bourbeau
Batting: RHB Jake Lawrence 0-0: Ball
1-0: Foul Ball, location: 2F
1-1: Ball
2-1: Ball
3-1: Foul Ball, location: 2F
3-2: Base on Balls
Larry Battle to second
Batting: RHB Juan Navarro 0-0: Called Strike
0-1: Called Strike
0-2: Strikes out swinging
Batting: RHB Jorge Colorada 0-0: Called Strike
0-1: Swinging Strike
0-2: Strikes out looking
Batting: RHB Maurice Long 0-0: Ball
1-0: Called Strike
1-1: Ball
2-1: Fly out, F9 (Flyball, 9M)
Top of the 8th over - 0 run(s), 0 hit(s), 0 error(s), 2 left on base; Arizona 0 - Villanova 10
BOTTOM OF THE 8TH
Villanova Wildcats batting - Pitching for Arizona Wildcats : RHP Ramón Cruz
Pitching: RHP Jim Massey
Batting: RHB Ron Elazar 0-0: Fly out, F3 (Popup, 3SF)
Batting: RHB Jorge Barrios 0-0: Ball
1-0: Swinging Strike
1-1: Foul Ball, location: 2F
1-2: Ball
2-2: Foul Ball, location: 2F
2-2: SINGLE (Groundball, 34D)
Batting: RHB Mark Hess 0-0: Ball
1-0: Ball
2-0: Ball
3-0: Called Strike
3-1: Called Strike
3-2: Strikes out swinging
Batting: RHB Ricardo López 0-0: Ball
1-0: 2-RUN HOME RUN (Flyball, 7D), Distance : 362 ft
Batting: RHB Heath Hall 0-0: Ball
1-0: Called Strike
1-1: Ball
2-1: Ball
3-1: Called Strike
3-2: Base on Balls
Batting: RHB Juan Romero 0-0: Foul Ball, location: 2F
0-1: Swinging Strike
0-2: Strikes out swinging
Bottom of the 8th over - 2 run(s), 2 hit(s), 0 error(s), 1 left on base; Arizona 0 - Villanova 12
TOP OF THE 9TH
Arizona Wildcats batting - Pitching for Villanova Wildcats : RHP Mathieu Bourbeau
Batting: RHB David Barker 0-0: Ball
1-0: Fly out, F8 (Line Drive, 8LM)
Batting: LHB Larry Smith 0-0: Ball
1-0: Ball
2-0: Ball
3-0: Called Strike
3-1: Foul Ball, location: 2F
3-2: DOUBLE (Flyball, 89M)
Batting: RHB Arnold Flint 0-0: Called Strike
0-1: Ball
1-1: Foul Ball, location: 2F
1-2: Foul Ball, location: 2F
1-2: Strikes out swinging
Batting: RHB Gordon Owens 0-0: Called Strike
0-1: Ball
1-1: Swinging Strike
1-2: Ball
2-2: Foul Ball, location: 2F
2-2: Ball
3-2: Strikes out swinging
Top of the 9th over - 0 run(s), 1 hit(s), 0 error(s), 1 left on base; Arizona 0 - Villanova 12
Monday, December 5th, 2016 - OOTP Baseball 17.12 Build 75